 Dungeon Crawl Stone Soup version 0.21.1-1-g345015fe64 (webtiles) character file.

26 Revguard the Conjurer (level 3, 0/19 HPs)
             Began as a Tengu Conjurer on June 4, 2018.
             Slain by a kobold
             ... wielding a +0 whip
              (4 damage)
             ... on level 2 of the Dungeon.
             The game lasted 00:06:48 (735 turns).

Revguard the Conjurer (Tengu Conjurer)               Turns: 735, Time: 00:06:48

Health: 0/19       AC:  2    Str:  9    XL:     3   Next: 8%
Magic:  0/7        EV: 13    Int: 15    God:
Gold:   56         SH:  0    Dex: 14    Spells: 3/6 levels left

rFire    . . .     SeeInvis .   i - +0 dagger
rCold    . . .     Gourm    .   (no shield)
rNeg     . . .     Faith    .   a - +0 robe
rPois    .         Spirit   .   (helmet restricted)
rElec    .         Reflect  .   (no cloak)
rCorr    .         Harm     .   (no gloves)
MR       .....                  (boots unavailable)
Stlth    ++........             (no amulet)
HPRegen  0.06/turn              (no ring)
MPRegen  0.10/turn              (no ring)

@: no status effects
A: beak, talons 3
a: no special abilities


You were on level 2 of the Dungeon.
You were not hungry.

You visited 1 branch of the dungeon, and saw 2 of its levels.

You collected 56 gold pieces.

Inventory:

Hand Weapons
 i - a +0 dagger (weapon)
Armour
 a - a +0 robe (worn)
Scrolls
 f - a scroll of enchant weapon {unknown}
 h - a scroll of remove curse {unknown}
 j - a scroll of enchant armour {unknown}
Potions
 d - a potion of degeneration {unknown}
 e - a potion of agility {unknown}
 k - a potion of heal wounds {unknown}
Books
 b - a book of Conjurations

   Spells                             Type                      Level
   a - Magic Dart                     Conjuration                  1
   b - Searing Ray                    Conjuration                  2
   c - Dazzling Spray                 Conjuration/Hexes            3
   d - Fulminant Prism                Conjuration/Hexes            4
   e - Force Lance                    Conjuration/Translocation    4
   f - Iskenderun's Mystic Blast      Conjuration                  4
Comestibles
 c - 3 rations


   Skills:
 * Level 2.3 Dodging
 + Level 2.5 Stealth
 * Level 2.1 Spellcasting
 + Level 6.0 Conjurations


You had 3 spell levels left.
You knew the following spells:

 Your Spells              Type           Power        Failure   Level  Hunger
a - Magic Dart            Conj           ###.         1%          1    #......
b - Searing Ray           Conj           ###...       2%          2    ###....


Dungeon Overview and Level Annotations

Branches:
Dungeon (1/15)

Altars:


Innate Abilities, Weirdness & Mutations

You have a beak for a mouth.
You have claws for feet.


Message History

The searing ray hits the jelly.
The jelly is severely wounded.
Without enough magic to sustain it, your searing ray dissipates.
Casting: Searing Ray
Confirm with . or Enter, or press ? or * to list all spells.
Aiming: Searing Ray
Press: ? - help, Shift-Dir - straight line, p - jelly The searing ray hits the jelly.
The jelly is almost dead. (Press . to maintain the ray.)
The jelly closely misses you.
Without enough magic to sustain it, your searing ray dissipates.
The jelly hits you but does no damage. The jelly barely misses you.
You hit the jelly but do no damage.
Your hands burn!
The jelly is almost dead.
The jelly hits you.
You are splashed with acid!
The acid burns!
* * * LOW HITPOINT WARNING * * *
The kobold hits you with a whip.
You die...

#..# #.##†#
#.....# ####..#
#.##.#####...>..
#.....#
#............###
#.###.#
##.#######...# #.#
#.# #......... #.#
#.# #..#######
#†###.#########..#
#.#.........K....#
#...###.###.J@..##
#...# #.# #.#####
#...# #.# #.#
#.......# #K###
###.##### #...#
#.# ###.# #.# #K#
#.# #.# #K#


You could see a jelly and a kobold.

Vanquished Creatures
  An adder (D:2)
  2 dart slugs (D:2)
  2 giant cockroaches (D:2)
  A goblin (D:1)
  A hobgoblin (D:1)
  3 kobolds
  A quokka (D:2)
  A bat (D:2)
  A frilled lizard (D:1)
  A rat (D:2)
14 creatures vanquished.

Notes
Turn   | Place    | Note
-------+----------+-------------------------------------------
     0 | D:1      | Revguard the Tengu Conjurer began the quest for the Orb.
     0 | D:1      | Reached XP level 1. HP: 10/10 MP: 4/4
   397 | D:1      | You fall through a shaft!
   405 | D:2      | Reached XP level 2. HP: 15/15 MP: 4/6
   444 | D:2      | Learned a level 2 spell: Searing Ray
   662 | D:2      | Reached skill level 6 in Conjurations
   682 | D:2      | Reached XP level 3. HP: 3/19 MP: 1/7
   735 | D:2      | Slain by a kobold

Skill      XL: |  1  2 |
---------------+-------+-----
Conjurations   | 6 |  6.0
Dodging        | |  2.3
Stealth        | |  2.5
Spellcasting   | |  2.1

Action                   || total
-------------------------++-------
Melee: Dagger            ||    14
       Kick              ||     6
       Unarmed           ||     1
 Cast: Magic Dart        ||    16
       Searing Ray       ||     4
  Use: Potion            ||     1
Armor: Robe              ||     6
Dodge: Dodged            ||    14
